 Dungeon Crawl Stone Soup version 0.29-a0-553-g81b289dbe5 (webtiles) character file.

Game seed: 6193229302733114181

109 Nedwor the Twirler (level 4, -11/38 HPs)
             Began as a Minotaur Gladiator on June 7, 2022.
             Killed by nerve-wracking pain
             ... invoked by an orc priest
              (12 damage)
             ... on level 3 of the Dungeon.
             The game lasted 00:02:23 (2708 turns).

Nedwor the Twirler (Minotaur Gladiator)             Turns: 2708, Time: 00:02:23

Health: -11/38     AC:  4    Str: 20    XL:     4   Next: 60%
Magic:  3/3        EV: 12    Int:  5    God:
Gold:   154        SH:  0    Dex: 12    Spells: 3/3 levels left

rFire   . . .      SeeInvis .   a - +0 quarterstaff
rCold   . . .      Faith    .   (shield currently unavailable)
rNeg    . . .      Spirit   .   b - +0 leather armour
rPois   .          Reflect  .   c - +0 hat
rElec   .          Harm     .   (no cloak)
rCorr   .          Rampage  .   m - +0 pair of gloves
Will    .....                   (no boots)
Stlth   +.........              (no amulet)
HPRegen 0.12/turn               (no ring)
MPRegen 0.08/turn               (no ring)

@: no status effects
A: horns 2, retaliatory headbutt
a: no special abilities


You were on level 3 of the Dungeon.
You visited 1 branch of the dungeon, and saw 3 of its levels.

You collected 154 gold pieces.

Inventory:

Hand Weapons
 a - a +0 quarterstaff (weapon)
Missiles
 d - 3 throwing nets (quivered)
 e - a javelin
Armour
 b - a +0 leather armour (worn)
 c - a +0 hat (worn)
 m - a +0 pair of gloves (worn)
Jewellery
 h - a ring of resist corrosion
 o - an amulet of regeneration
Scrolls
 f - a scroll of teleportation {unknown}
 g - 3 scrolls of brand weapon {unknown}
 j - a scroll of magic mapping {unknown}
 l - a scroll of fog {unknown}
 p - a scroll of blinking {unknown}
 r - 3 scrolls of identify {unknown}
 t - a scroll of enchant weapon {unknown}
Potions
 i - 2 potions of heal wounds {unknown}
 k - a potion of magic {unknown}
 n - a potion of might {unknown}
 q - a potion of curing {unknown}
 s - a potion of mutation {unknown}


   Skills:
 + Level 3.4 Fighting
 * Level 5.0 Staves
 - Level 2.0 Throwing
 + Level 2.1 Armour
 + Level 3.9 Dodging


You had 3 spell levels left.
You didn't know any spells.
Your spell library contained the following spells:

 Spells                   Type           Power      Damage    Failure   Level
 Apportation              Tloc           0%         N/A       52%         1
 Beastly Appendage        Tmut           0%         N/A       52%         1
 Wereblood                Tmut           0%         N/A       67%         2
 Gell's Gravitas          Tloc           0%         N/A       88%         3
 Lesser Beckoning         Tloc           0%         N/A       88%         3
 Ozocubu's Armour         Ice            0%         N/A       88%         3
 Spider Form              Tmut/Pois      0%         N/A       88%         3
 Teleport Other           Tloc           0%         N/A       88%         3
 Alistair's Intoxication  Tmut/Pois      0%         N/A       100%        5
 Metabolic Englaciation   Hex/Ice        0%         N/A       100%        5
 Simulacrum               Ice/Necr       0%         N/A       100%        6


Dungeon Overview and Level Annotations

Branches:
Dungeon (3/15)

Altars:

Annotations:
D:3 Jessica


Innate Abilities, Weirdness & Mutations

You have a pair of horns on your head.
You reflexively headbutt those who attack you in melee.


Message History

The frilled lizard hisses angrily.
A frilled lizard is nearby!
A frilled lizard is nearby!
You sock the frilled lizard!
You kill the frilled lizard!
No target in view!
You see here a frilled lizard corpse.
You open the door.
There is an open door here.
Jessica, 2 orc priests and an orc come into view.
Found 3 scrolls labelled VELUMI GOGE.
Jessica shouts!
The orc priest shouts! x2; The orc shouts!
Jessica casts a spell.
Jessica blinks!
The orc priest looks braver for a moment.
The orc completely misses you.
Jessica moves out of view.
The orc hits you with a +0 trident.
You hit the orc.
The orc is heavily wounded.
The orc hits you with a +0 trident!
You hit the orc.
You kill the orc!
The orc priest invokes the aid of Beogh against you.
Beogh smites you! The orc priest hits you with a +0 club.
You see here a +0 trident.
You hit the orc priest. You headbutt the orc priest.
The orc priest is moderately wounded.
The orc priest invokes the aid of Beogh against you.
Pain shoots through your body!
* * * LOW HITPOINT WARNING * * *
You closely miss the orc priest.
The orc priest is moderately wounded.
The orc priest looks encouraged for a moment.
The orc priest barely misses you.
You barely miss the orc priest.
The orc priest is moderately wounded.
The orc priest mumbles some strange prayers to Beogh against you.
Pain shoots through your body!
You die...

. #######....
#..@oo@?...
#.########. #.# #.#
#.##################
#.#...........#.....
#.#†#########.#.####
#.#.....#.....#.....
#.#####.#.#########.


You could see 2 orc priests and Jessica.

Vanquished Creatures
  5 adders
  A worm (D:2)
  An orc (D:3)
  4 ball pythons
  4 bats
  8 endoplasms
  A giant cockroach (D:1)
  5 goblins
  8 hobgoblins
  6 quokkas
  3 frilled lizards
  4 kobolds
  3 rats
53 creatures vanquished.

Notes
Turn   | Place    | Note
-------+----------+-------------------------------------------
     0 | D:1      | Nedwor the Minotaur Gladiator began the quest for the Orb.
     0 | D:1      | Reached XP level 1. HP: 18/18 MP: 0/0
   229 | D:1      | Reached XP level 2. HP: 25/25 MP: 1/1
   231 | D:1      | Reached skill level 4 in Staves
   761 | D:1      | Reached skill level 1 in Armour
  1177 | D:2      | Reached XP level 3. HP: 26/30 MP: 2/2
  1590 | D:2      | Found a faded altar of an unknown god.
  2017 | D:3      | Reached XP level 4. HP: 24/38 MP: 3/3
  2434 | D:3      | Reached skill level 5 in Staves
  2701 | D:3      | Noticed Jessica
  2706 | D:3      | HP: 1/38 [orc priest/nerve-wracking pain (12)]
  2708 | D:3      | Killed from afar by an orc priest

Illustrated notes

Levels and vault maps discovered:
D:1:      tarquinn_simple_flora_water_c, layout_basic, minmay_misc_feat_five
D:2:      layout_loops_ring, shapermc_ecumenical_altar_flowoftime,
          minmay_quantized
D:3:      layout_basic, worldfamousw_hep_ancestral_shrine,
          minmay_misc_feat_cross, grunt_ministairs_9, roderic_serpentine_path,
          uniq_jessica

Skill      XL: |  1  2  3  4 |
---------------+-------------+-----
Staves         | 4 5 |  5.0
Armour         | 1 2 |  2.1
Fighting       | 3 |  3.4
Throwing       | |  2.0
Dodging        | |  3.9

Action                   |  1- 3 |  4- 6 || total
-------------------------+-------+-------++-------
Melee: Quarterstaff      |    71 |    23 ||    94
       Headbutt          |     7 |     2 ||     9
 Stab: Sleeping          |     1 |       ||     1
Armor: Leather armour    |    15 |     1 ||    16
Dodge: Dodged            |    30 |    11 ||    41

Table legend: (Time is in decaauts)
 A = Elapsed time spent in this place.
 B = Non-inter-level travel time spent in this place.
 C = Inter-level travel time spent in this place.
 D = Time resting spent in this place.
 E = Time spent auto-exploring this place.
 F = Levels seen in this place.
 G = Mean time per level.
                   A        B        C        D        E       F      G
               +--------+--------+--------+--------+--------+-----+--------+
         Total |   2717 |   2678 |     39 |      0 |   2386 |   3 |  905.7 |
       Dungeon |   2717 |   2678 |     39 |      0 |   2386 |   3 |  905.7 |
               +--------+--------+--------+--------+--------+-----+--------+

Top non-repeatable levels by time:
     D:1: 1039 daAuts
     D:2: 917 daAuts
     D:3: 759 daAuts
